 Dungeon Crawl Stone Soup version 0.30-a0-142-g7370640ec8 (webtiles) character file.

Game seed: 16213611056285239224

73 qw the Chopper (level 4, -4/28 HPs)
             Began as a Gargoyle Fighter on Sept 26, 2022.
             Slain by a gnoll
             ... wielding a +0 spear
              (6 damage)
             ... on level 2 of the Dungeon.
             The game lasted 00:00:27 (1773 turns).

qw the Chopper (Gargoyle Fighter)                   Turns: 1773, Time: 00:00:28

Health: -4/28      AC: 10    Str: 21    XL:     4   Next: 27%
Magic:  4/4        EV:  9    Int:  9    God:
Gold:   41         SH:  4    Dex:  9    Spells: 3/3 levels left

rFire   . . .      SeeInvis .    Y - +0 war axe
rCold   . . .      Faith    .    c - +0 buckler
rNeg    + + .      Spirit   .    b - +0 scale mail
rPois   inf        Reflect  .    (no helmet)
rElec   +          Harm     .    (no cloak)
rCorr   .          Rampage  .    (no gloves)
Will    .....                    (no boots)
Stlth   ..........               (no amulet)
HPRegen 0.09/turn                i - ring of positive energy
MPRegen 0.09/turn                (no ring)

@: no status effects
A: sickness immunity, AC +3, negative energy resistance 1, electricity
resistance, torment resistance 1, petrification resistance
a: no special abilities


You were on level 2 of the Dungeon.
You visited 1 branch of the dungeon, and saw 2 of its levels.

You collected 41 gold pieces.


Innate Abilities, Weirdness & Mutations

You are immune to sickness and miasma.
Your stone body is resilient. (AC +3)
You are immune to poison.
You resist negative energy. (rN+)
You are resistant to electric shocks. (rElec)
You are resistant to unholy torment.
You are immune to petrification.


   Skills:
 - Level 3.2 Fighting
 + Level 4.0 Axes
 - Level 3.2 Armour
 - Level 3.2 Shields


You had 3 spell levels left.
You didn't know any spells.
Your spell library was empty.

Inventory:

Hand Weapons
 Y - a +0 war axe (weapon)
Armour
 b - a +0 scale mail (worn)
 c - a +0 buckler (worn)
Jewellery
 i - a ring of positive energy (left hand)
Scrolls
 e - a scroll of brand weapon {unknown}
Potions
 a - a potion of flight {unknown}
 d - 2 potions of might

Dungeon Overview and Level Annotations

Branches:
Dungeon (2/15)

Altars:


Message History

You slash the hobgoblin!
You kill the hobgoblin!
Found a short sword.
You now have 41 gold pieces (gained 12).
A giant cockroach comes into view.
Found 12 gold pieces.
You slash the giant cockroach!
You kill the giant cockroach!
d - 2 potions of might (gained 1)
A gnoll comes into view. It is wielding a +0 spear.
The gnoll shouts!
You hear a shout!
A gnoll comes into view. It is wielding a +0 club.
A gnoll comes into view. It is wielding a +0 spear.
A gnoll comes into view. It is wielding a +3 spear.
The gnoll shouts!
The gnoll hits you but does no damage.
You slash the gnoll!
The gnoll is almost dead.
You hit the gnoll. The gnoll hits you but does no damage.
The gnoll hits you with a +0 club. The gnoll barely misses you.
The gnoll hits you with a +0 club. The gnoll hits you with a +0 spear.
You barely miss the gnoll.
The gnoll is almost dead.
You closely miss the gnoll.
The gnoll hits you from afar with a +0 spear.
The gnoll barely misses you. x2
You barely miss the gnoll.
The gnoll is almost dead.
You slash the gnoll! The gnoll hits you but does no damage.
You block the gnoll's attack. x2
The gnoll barely misses you.
You closely miss the gnoll.
The gnoll is almost dead.
You barely miss the gnoll. The gnoll closely misses you.
The gnoll hits you with a +0 spear!
The gnoll hits you from afar with a +0 spear.
The gnoll hits you with a +0 club. The gnoll barely misses you.
The gnoll hits you with a +0 club. The gnoll hits you with a +0 spear.
You die...

... # #........#
.. #.# #### ..##
#.##..#...# .#
#.# #....
#..#...# .# #.#
#.### #.
#...##.#####.# #
#. #............#
#
#......#..###.#.#
# #..###.#.$# #
#.. ..#..# . ...
####@g# ## #.g#
gg.# ...## ###..
... ... ...#


You could see 4 gnolls.

Vanquished Creatures
  Natasha (D:2)
  An adder (D:2)
  A worm (D:2)
  A dart slug (D:1)
  2 bats (D:1)
  3 endoplasms
  A giant cockroach (D:2)
  A goblin (D:1)
  7 hobgoblins
  4 jackals (D:2)
  4 kobolds
  A quokka (D:1)
  A ball python (D:1)
  2 rats (D:1)
30 creatures vanquished.

Notes
Turn   | Place    | Note
-------+----------+-------------------------------------------
     0 | D:1      | qw the Gargoyle Fighter began the quest for the Orb.
     0 | D:1      | Reached XP level 1. HP: 14/14 MP: 1/1
     0 | D:1      | 0 ||| qw: Version: 0.2-a-10-g399e6c4
     0 | D:1      | 0 ||| qw: Game counter: 433
     0 | D:1      | 0 ||| qw: Always use a shield: true
     0 | D:1      | 0 ||| qw: God list: Okawaru
     0 | D:1      | 0 ||| qw: Allow faded altars: false
     0 | D:1      | 0 ||| qw: Do Orc after D:15 true
     0 | D:1      | 0 ||| qw: Do second Lair branch before Depths: true
     0 | D:1      | 0 ||| qw: Lair rune preference: random
     0 | D:1      | 0 ||| qw: Plans: Normal, Zot:1-4, God:TSO, Crypt, Tomb,
                  | Pan, Slime:5, Hells, Abyss, Orb
     0 | D:1      | 0 ||| PLANNING D:1-11
    58 | D:1      | Reached skill level 2 in Axes
   170 | D:1      | Reached XP level 2. HP: 10/19 MP: 2/2
   493 | D:1      | 493 ||| Stepping ~*~*~tactically~*~*~ (stealth).
   523 | D:1      | 523 ||| Stepping ~*~*~tactically~*~*~ (stealth).
   532 | D:1      | 532 ||| Stepping ~*~*~tactically~*~*~ (stealth).
   534 | D:1      | 534 ||| Stepping ~*~*~tactically~*~*~ (hiding).
   538 | D:1      | 538 ||| Stepping ~*~*~tactically~*~*~ (stealth).
   546 | D:1      | Reached skill level 3 in Axes
   661 | D:1      | Reached XP level 3. HP: 23/23 MP: 3/3
   725 | D:1      | Found a faded altar of an unknown god.
   852 | D:1      | You fall into a shaft and drop 1 floor!
  1191 | D:2      | Noticed Natasha
  1192 | D:2      | 1192 ||| Stepping ~*~*~tactically~*~*~ (hiding).
  1193 | D:2      | 1193 ||| Stepping ~*~*~tactically~*~*~ (hiding).
  1206 | D:2      | Killed Natasha
  1207 | D:2      | Reached XP level 4. HP: 15/28 MP: 4/4
  1339 | D:2      | 1339 ||| UPGRADING to ring of positive energy.
  1340 | D:2      | 1340 ||| READING scroll labelled NUCIMP QEMAER.
  1341 | D:2      | 1341 ||| READING scroll labelled ASAGEG KAJEISK.
  1342 | D:2      | 1342 ||| READING 2 scrolls labelled KIQO GETZEUMET.
  1343 | D:2      | 1343 ||| READING scroll labelled WAVENEURPHO.
  1344 | D:2      | 1344 ||| READING scroll labelled OPRIMA IMUA.
  1345 | D:2      | 1345 ||| DROPPING scroll of blinking.
  1677 | D:2      | Reached skill level 4 in Axes
  1773 | D:2      | HP: 7/28 [gnoll/+0 spear (3)]
  1773 | D:2      | HP: 2/28 [gnoll/+0 club (4)]
  1773 | D:2      | Slain by a gnoll

Levels and vault maps discovered:
D:1:      sevenhm_arrival_forest_fort_large_2, layout_basic,
          shapermc_ecumenical_altar_pompeii, minmay_crystal_water,
          minmay_indecisive_spiral
D:2:      layout_loops_ring, minmay_misc_feat_nine_boxes, uniq_natasha

Skill      XL: |  1  2  3  4 |
---------------+-------------+-----
Axes           | 2 3 4 |  4.0
Fighting       | |  3.2
Armour         | |  3.2
Shields        | |  3.2

Action                   |  1- 3 |  4- 6 || total
-------------------------+-------+-------++-------
Melee: War axe           |    90 |    10 ||   100
  Use: Scroll            |       |     5 ||     5
Armor: Scale mail        |    52 |     4 ||    56
Dodge: Dodged            |    41 |     6 ||    47
Block: Buckler           |    15 |     3 ||    18

Table legend:
 A = Non-vault XP
 B = Vault XP
 C = Vault XP percentage of total XP
 D = Non-vault monster count
 E = Vault monster count
 F = Vault count percentage of total count
                 A         B        C        D         E       F
            +---------+---------+-------+---------+---------+-------
      Total |      61 |      44 |  41.9 |      25 |       5 |  16.7
            +---------+---------+-------+---------+---------+-------
        D:1 |      25 |       9 |  26.5 |      14 |       4 |  22.2
        D:2 |      36 |      35 |  49.3 |      11 |       1 |   8.3
            +---------+---------+-------+---------+---------+-------
